 Dungeon Crawl Stone Soup version 0.28.0-43-g3370ac3207 (webtiles) character file.

Game seed: 15467860759015046817

100 zeram the Vandal (level 4, -6/22 HPs)
             Began as a Spriggan Hunter on Mar 1, 2022.
             Killed by divine providence
             ... invoked by an orc priest
              (9 damage)
             ... on level 3 of the Dungeon.
             The game lasted 00:03:34 (2581 turns).

zeram the Vandal (Spriggan Hunter)                  Turns: 2581, Time: 00:03:34

Health: -6/22      AC:  2    Str:  8    XL:     4   Next: 47%
Magic:  5/5        EV: 17    Int: 14    God:
Gold:   47         SH:  0    Dex: 15    Spells: 3/3 levels left

rFire   . . .      SeeInvis +   b - +0 short sword
rCold   . . .      Faith    .   (no shield)
rNeg    . . .      Spirit   .   c - +0 robe
rPois   .          Reflect  .   (helmet restricted)
rElec   .          Harm     .   (no cloak)
rCorr   .          Rampage  .   (gloves unavailable)
Will    .....                   (boots unavailable)
Stlth   ++........              e - amulet of magic regeneration
HPRegen 0.07/turn               (no ring)
MPRegen 0.49/turn               (no ring)

@: very quick
A: very small, no large weapons, unfitting armour, see invisible, speed 3
a: no special abilities


You were on level 3 of the Dungeon.
You visited 1 branch of the dungeon, and saw 3 of its levels.

You collected 47 gold pieces.

Inventory:

Hand Weapons
 a - a +1 hunting sling
 b - a +0 short sword (weapon)
Missiles
 d - 18 sling bullets
 f - 59 stones
Armour
 c - a +0 robe (worn)
Jewellery
 e - an amulet of magic regeneration (around neck)
Scrolls
 g - a scroll of identify
 h - a scroll of amnesia


   Skills:
 - Level 1.5 Fighting
 + Level 7.0 Slings
 + Level 3.1 Dodging
 - Level 1.5 Stealth


You had 3 spell levels left.
You didn't know any spells.
Your spell library contained the following spells:

 Spells                   Type           Power      Damage    Failure   Level
 Animate Skeleton         Necr           0%         N/A       28%         1
 Pain                     Necr           0%         1d4       28%         1
 Vampiric Draining        Necr           0%         2d6       65%         3


Dungeon Overview and Level Annotations

Branches:
Dungeon (3/15)

Altars:


Innate Abilities, Weirdness & Mutations

You are very small and have problems with some larger weapons.
You are too small for most types of armour.
You have supernaturally acute eyesight. (SInv)
You cover ground extremely quickly. (Speed+++)


Message History

A kobold comes into view. It is wielding a +0 whip.
Fire: 21 sling bullets
Press: ? - help, Q - select action, (/) - cycle Shift-Dir - straight line, f/p - orc priest
Aim: an orc priest, wielding a +0 short sword (heavily wounded, 63% to hit)
You shoot a sling bullet.
The sling bullet barely misses the orc priest.
Unknown command.
Fire: 20 sling bullets
Press: ? - help, Q - select action, (/) - cycle Shift-Dir - straight line, f/p - orc priest
Aim: an orc priest, wielding a +0 short sword (heavily wounded, 63% to hit)
You shoot a sling bullet.
The sling bullet closely misses the orc priest.
Unknown command.
Fire: 19 sling bullets
Press: ? - help, Q - select action, (/) - cycle Shift-Dir - straight line, f/p - orc priest
Aim: an orc priest, wielding a +0 short sword (heavily wounded, 63% to hit)
You shoot a sling bullet.
The sling bullet closely misses the orc priest.
The orc priest barely misses you.
b - a +0 short sword (weapon)
You barely miss the orc priest.
The orc priest is heavily wounded.
The orc priest barely misses you. The orc misses you.
You hit the orc priest.
The orc priest is severely wounded.
The orc priest misses you. The orc hits you with a +0 whip.
You hit the orc priest.
The orc priest is almost dead.
The orc priest mumbles some strange prayers to Beogh against you.
Pain shoots through your body!
* * * LOW HITPOINT WARNING * * *
The orc hits you with a +0 whip.
* * * LOW HITPOINT WARNING * * *
You aren't carrying any potions.
Unknown command.
You aren't carrying any potions.
Okay, then.
The orc priest invokes the aid of Beogh against you.
Beogh smites you!
You die...

≈( # ###..####(. .
...... ((. .
....###(### # #.
#†..##.(.(# # ..
#...##...K### # #.
#...##..oo#.# #
#.##...##...(#.####.#
#
#..#...).....@.......
#
#.#...##....#.#.##.#
#####.....##....#.#
#..................
#............#.##.#.
#......>.....#.##.#.#
..................# #
..............###.#
.................


You could see an orc priest, an orc and a kobold.

Vanquished Creatures
  3 adders
  2 worms
  3 orcs (D:3)
  5 endoplasms
  3 giant cockroaches
  4 goblins
  9 hobgoblins
  2 jackals (D:2)
  3 kobolds
  4 quokkas
  7 ball pythons
  5 bats (D:1)
  5 frilled lizards
  5 rats
60 creatures vanquished.

Vanquished Creatures (others)
  5 plants (D:2)
5 creatures vanquished.

Grand Total: 65 creatures vanquished

Notes
Turn   | Place    | Note
-------+----------+-------------------------------------------
     0 | D:1      | zeram the Spriggan Hunter began the quest for the Orb.
     0 | D:1      | Reached XP level 1. HP: 10/10 MP: 2/2
    81 | D:1      | Reached skill level 5 in Slings
   186 | D:1      | Found a faded altar of an unknown god.
   188 | D:1      | Reached XP level 2. HP: 14/14 MP: 3/3
   645 | D:1      | Reached skill level 6 in Slings
   765 | D:1      | Reached XP level 3. HP: 18/18 MP: 4/4
  1492 | D:2      | Reached XP level 4. HP: 22/22 MP: 5/5
  2537 | D:3      | Reached skill level 7 in Slings
  2581 | D:3      | Killed from afar by an orc priest

Illustrated notes

Levels and vault maps discovered:
D:1:      eino_arrival_cavern_c, layout_loops_corners,
          hellmonk_ecumenical_altar_arch_garden
D:2:      layout_loops_cross, serial_forest, infiniplex_forest_clump_double,
          infiniplex_forest_lined_corner, infiniplex_forest_lined_3,
          infiniplex_forest_straight_3, infiniplex_forest_join,
          infiniplex_forest_lined_2, infiniplex_forest_lined_3,
          infiniplex_forest_clump_curved, infiniplex_forest_clump_medium
D:3:      layout_basic, serial_rivers, chequers_serial_rivers_micro_a,
          chequers_serial_rivers_large_b, chequers_serial_rivers_micro_a,
          chequers_serial_rivers_micro_a, chequers_serial_rivers_small_3,
          chequers_serial_rivers_small_a, uniq_natasha, uniq_grinder,
          uniq_sigmund, uniq_ijyb

Skill      XL: |  1  2  3  4 |
---------------+-------------+-----
Slings         | 5 6 7 |  7.0
Dodging        | 3 |  3.1
Fighting       | |  1.5
Stealth        | |  1.5

Action                   |  1- 3 |  4- 6 || total
-------------------------+-------+-------++-------
Melee: Short sword       |       |     4 ||     4
 Fire: Hunting sling     |   114 |    62 ||   176
  Use: Scroll            |       |     1 ||     1
 Stab: Sleeping          |       |     1 ||     1
Armor: Robe              |     2 |     1 ||     3
Dodge: Dodged            |    15 |    11 ||    26
